 Dungeon Crawl Stone Soup version 0.29-a0-834-g1e95ca9f62 (webtiles) character file.

Game seed: 2775820544886814077

1048 buhh the Skirmisher (level 8, 0/37 HPs)
             Began as a Spriggan Hunter on July 13, 2022.
             Was an Initiate of Gozag.
             Slain by an orc wizard
             ... wielding a +0 dagger
              (1 damage)
             ... on level 6 of the Dungeon.
             The game lasted 00:07:24 (6056 turns).

buhh the Skirmisher (Spriggan Hunter)               Turns: 6056, Time: 00:07:25

Health: 0/37       AC:  7    Str:  7    XL:     8   Next: 5%
Magic:  9/9        EV: 22    Int: 11    God:    Gozag
Gold:   306        SH:  0    Dex: 20    Spells: 7/7 levels left

rFire   + . .      SeeInvis +   e - +0 shortbow
rCold   . . .      Faith    .   (shield currently unavailable)
rNeg    . . .      Spirit   .   b - +2 robe {rF+}
rPois   +          Reflect  .   (helmet restricted)
rElec   .          Harm     .   o - +2 cloak
rCorr   .          Rampage  .   (gloves unavailable)
Will    +....                   (boots unavailable)
Stlth   ++........              (no amulet)
HPRegen 0.12/turn               k - +4 ring of evasion
MPRegen 0.11/turn               n - ring of poison resistance

@: about to teleport, studying Unarmed Combat, very quick
A: very small, no large weapons, unfitting armour, see invisible, speed 3
a: Renounce Religion, Potion Petition, Call Merchant, Bribe Branch


You were on level 6 of the Dungeon.
You worshipped Gozag.
Gozag was aware of your devotion.
You visited 2 branches of the dungeon, and saw 7 of its levels.

You collected 394 gold pieces.
You paid 88 gold pieces to Gozag.

Inventory:

Hand Weapons
 e - a +0 shortbow (weapon)
Missiles
 j - 9 poisoned darts
Armour
 b - a +2 robe of fire resistance (worn)
 o - a +2 cloak (worn)
Jewellery
 k - a +4 ring of evasion (left hand)
 n - a ring of poison resistance (right hand)
Wands
 F - a wand of charming (13)
Scrolls
 a - a scroll of blinking {unknown}
 c - 2 scrolls of teleportation {!d!d}
 g - 2 scrolls of noise
 h - a scroll of enchant armour
 l - a scroll of immolation {!r}
 q - a scroll of brand weapon
 t - a scroll of silence {unknown}
 x - a scroll of poison {unknown}
Potions
 d - 7 potions of curing {unknown}
 f - a potion of brilliance {unknown}
 i - a potion of degeneration {unknown}
 m - 3 potions of attraction {unknown}
 p - a potion of magic {unknown}
 r - 4 potions of lignification {unknown}
 s - a potion of ambrosia {unknown}
 u - a potion of cancellation {unknown}
 v - a potion of mutation {unknown}
 w - a potion of heal wounds {unknown}


   Skills:
 - Level 1.5 Fighting
 + Level 10.2 Ranged Weapons
 - Level 2.6 Dodging
 - Level 2.0 Stealth


You had 7 spell levels left.
You didn't know any spells.
Your spell library contained the following spells:

 Spells                   Type           Power      Damage    Failure   Level
 Necrotise                Necr           0%         1d4       34%         1
 Sandblast                Erth           0%         2d4       34%         1
 Blink                    Tloc           0%         N/A       47%         2
 Passwall                 Tmut/Erth      0%         N/A       47%         2
 Sublimation of Blood     Necr           0%         N/A       47%         2
 Wereblood                Tmut           0%         N/A       47%         2
 Lesser Beckoning         Tloc           0%         N/A       71%         3
 Stone Arrow              Conj/Erth      0%         3d7       71%         3
 Manifold Assault         Tloc           0%         N/A       100%        5
 Summon Hydra             Summ           0%         N/A       100%        7


Dungeon Overview and Level Annotations

Branches:
Dungeon (6/15) Zot: 26083  Temple (1/1) D:5 Zot: 5859

Altars:
Ashenzari
Cheibriados
Fedhas
Gozag
Hepliaklqana
Kikubaaqudgha
Sif Muna
Vehumet
Wu Jian
Xom
Yredelemnul
Zin
The Shining One

Annotations:
D:3 3 runed translucent doors, 2 transporters, xian's ghost, amateur OpBr
D:5 Ijyb; Sigmund


Innate Abilities, Weirdness & Mutations

You are very small and have problems with some larger weapons.
You are too small for most types of armour.
You have supernaturally acute eyesight. (SInv)
You cover ground extremely quickly. (Speed+++)


Message History

You start resting.
An orc priest comes into view. It is wielding a +0 flail.
An orc priest is nearby!
An orc priest is nearby!
An orc priest is nearby!
You shoot an arrow. The orc priest shouts!
The arrow hits the orc priest!
The orc priest is heavily wounded.
You shoot an arrow.
The arrow hits the orc priest but does no damage.
The orc priest is heavily wounded.
You hear a shout! x2
You shoot an arrow.
The arrow hits the orc priest but does no damage.
The orc priest is heavily wounded.
You shoot an arrow.
The arrow closely misses the orc priest.
An orc wizard comes into view. It is wielding a +0 dagger.
You shoot an arrow.
The arrow closely misses the orc priest.
You shoot an arrow. The arrow hits the orc priest.
The orc priest is almost dead.
An orc wizard comes into view. It is wielding a +0 dagger.
You shoot an arrow. The arrow barely misses the orc priest.
The orc priest shouts!
The orc priest mumbles some strange prayers to Beogh against you.
Beogh smites you!
You are too injured to fight recklessly!
You are too injured to fight recklessly!
As you read the scroll of teleportation {!d!d}, it crumbles to dust.
You feel strangely unstable.
The orc priest invokes the aid of Beogh against you.
Beogh smites you!
* * * LOW HITPOINT WARNING * * *
The orc priest misses you. The orc priest completely misses you.
The orc wizard hits you with a +0 dagger.
You die...
Your body crumbles into a pile of gold.

≈$≈≈≈≈≈..#.......<.......
≈.≈≈≈≈≈...o.........##.##
≈.≈≈≈≈≈.##.....#..#..#
......$........#..##....
..............##......_..
#...........##.....
##.o........#. #.#.
#.oo......#...# .#
##..@..........
####..........
#........... ##..##.#...
#.## ####. ###


You could see 2 orc priests and 2 orc wizards.

Vanquished Creatures
  A water moccasin (D:5)
  An orc warrior (D:5)
  3 ogres (D:4)
  A necrophage (D:5)
  A bullfrog (D:5)
  2 hounds
  Jessica (D:3)
  3 iguanas
  4 orc wizards (D:5)
  6 adders
  4 gnolls (D:5)
  A white imp (D:5)
  3 dart slugs
  A worm (D:4)
  11 orcs
  7 endoplasms
  2 giant cockroaches
  10 goblins
  8 hobgoblins
  2 jackals (D:3)
  12 kobolds
  3 quokkas
  8 ball pythons
  7 bats
  3 frilled lizards
  4 rats
109 creatures vanquished.

Vanquished Creatures (others)
  A plant (D:5)
1 creature vanquished.

Grand Total: 110 creatures vanquished

Notes
Turn   | Place    | Note
-------+----------+-------------------------------------------
     0 | D:1      | buhh the Spriggan Hunter began the quest for the Orb.
     0 | D:1      | Reached XP level 1. HP: 10/10 MP: 2/2
    22 | D:1      | Found a faded altar of an unknown god.
   331 | D:1      | Reached XP level 2. HP: 14/14 MP: 3/3
  1102 | D:2      | Reached XP level 3. HP: 15/18 MP: 4/4
  1172 | D:2      | Reached skill level 5 in Ranged Weapons
  1792 | D:3      | Found a shimmering altar of Xom.
  1812 | D:3      | Found a runed translucent gate.
  1813 | D:3      | Found a runed translucent gate.
  1814 | D:3      | Found a runed translucent gate.
  1834 | D:3      | Reached XP level 4. HP: 22/22 MP: 5/5
  1865 | D:3      | Noticed xian's ghost (amateur OpBr)
  1878 | D:3      | Found a hazy altar of Hepliaklqana.
  1902 | D:3      | Found a transporter.
  1945 | D:3      | Found a transporter.
  2213 | D:3      | Noticed Jessica
  2219 | D:3      | Reached skill level 6 in Ranged Weapons
  2224 | D:3      | Killed Jessica
  2273 | D:3      | Got Jessica's Parchment of Iniquitous Rituals
  2387 | D:3      | Reached XP level 5. HP: 24/25 MP: 6/6
  2808 | D:4      | Found a shimmering blue altar of Sif Muna.
  2845 | D:4      | Noticed an ogre
  2888 | D:4      | Killed an ogre
  2889 | D:4      | Reached skill level 7 in Ranged Weapons
  2982 | D:4      | Reached XP level 6. HP: 26/30 MP: 7/7
  3593 | D:4      | Found a blossoming altar of Fedhas.
  3656 | D:4      | Reached skill level 8 in Ranged Weapons
  3865 | D:5      | Entered Level 5 of the Dungeon
  3880 | D:5      | Reached XP level 7. HP: 33/33 MP: 8/8
  4091 | D:5      | Found a staircase to the Ecumenical Temple.
  4098 | Temple   | Entered the Ecumenical Temple
  4331 | D:5      | Found an opulent altar of Gozag.
  4340 | D:5      | Became a worshipper of Gozag Ym Sagoz the Greedy
  4522 | D:5      | Noticed Sigmund
  4589 | D:5      | Noticed Ijyb
  4660 | D:5      | Reached skill level 9 in Ranged Weapons
  4796 | D:6      | Noticed a wraith
  5115 | D:5      | Found an ornate altar of the Wu Jian Council.
  5846 | D:6      | Reached skill level 10 in Ranged Weapons
  5875 | D:5      | Reached XP level 8. HP: 24/37 MP: 9/9
  5996 | D:6      | Found a basalt altar of Yredelemnul.
  6053 | D:6      | HP: 1/37 [orc priest/divine providence (12)]
  6056 | D:6      | Slain by an orc wizard

Illustrated notes

Levels and vault maps discovered:
D:1:      minmay_arrival_plants_in_alcoves, layout_basic,
          ebering_ecumenical_altar_rust
D:2:      layout_basic, chequers_mini_garden
D:3:      gammafunk_wand_slinger, layout_basic,
          mainiacjoe_overflow_tiny_flanked, brannock_xom_greatest_gift,
          gammafunk_ghost_icy, minmay_misc_feat_chi, kennysheep_jessica_study
D:4:      layout_gridville, amcnicky_altar_gilded,
          nicolae_sif_muna_little_library, hex_tiny, hangedman_decor_opposing,
          minmay_ogre_servants
D:5:      layout_layer_cave, nicolae_gozag_cash_rules_everything_around_me,
          nicolae_wu_jian_glorious_leap, minmay_temple_entry_ruins,
          chequers_big_river, uniq_sigmund, uniq_ijyb
D:6:      layout_cave_pools, mainiacjoe_overflow_small_starburst, minivault_14,
          st_stairs_10, grunt_potential
Temple:   nicolae_temple_bog_church

Skill      XL: |  1  2  3  4  5  6  7 |
---------------+----------------------+-----
Stealth        | 2 |  2.0
Ranged Weapons | 5 6 7 8 10 | 10.2
Fighting       | |  1.5
Dodging        | |  2.6

Action                   |  1- 3 |  4- 6 |  7- 9 || total
-------------------------+-------+-------+-------++-------
 Fire: Shortbow          |    70 |   145 |   122 ||   337
  Use: Scroll            |       |     1 |     5 ||     6
Armor: Robe              |     3 |     6 |     2 ||    11
Dodge: Dodged            |    14 |    37 |    32 ||    83

Table legend: (Time is in decaauts)
 A = Elapsed time spent in this place.
 B = Non-inter-level travel time spent in this place.
 C = Inter-level travel time spent in this place.
 D = Time resting spent in this place.
 E = Time spent auto-exploring this place.
 F = Levels seen in this place.
 G = Mean time per level.
                   A        B        C        D        E       F      G
               +--------+--------+--------+--------+--------+-----+--------+
         Total |   4190 |   3893 |    297 |     17 |   3160 |   7 |  598.6 |
       Dungeon |   4049 |   3752 |    297 |     17 |   3061 |   6 |  674.8 |
        Temple |    140 |    140 |      0 |      0 |     99 |   1 |  140.0 |
               +--------+--------+--------+--------+--------+-----+--------+

Top non-repeatable levels by time:
     D:5: 1287 daAuts
     D:3: 703 daAuts
     D:2: 666 daAuts
     D:1: 649 daAuts
     D:4: 620 daAuts
  Temple: 140 daAuts
     D:6: 122 daAuts
